 Dungeon Crawl Stone Soup version 0.30-a0-358-g0d69a1922f (console) character file.

Game seed: 3927122311678475455

1169 jejorda2 the Spear-Bearer (level 8, -3/64 HPs)
             Began as a Merfolk Berserker on Nov 8, 2022.
             Was a Believer of Trog.
             Killed from afar by an orc wizard (6 damage)
             ... with a magic dart
             ... on level 6 of the Dungeon.
             The game lasted 00:07:17 (2417 turns).

jejorda2 the Spear-Bearer (Merfolk Berserker)       Turns: 2417, Time: 00:07:19

Health: -3/64      AC: 12    Str: 20    XL:     8   Next: 40%
Magic:  8/8        EV:  8    Int:  6    God:    Trog [**....]
Gold:   144        SH:  0    Dex: 13    Spells: 7/7 levels left

rFire   . . .      SeeInvis .    a - +0 scythe
rCold   . . .      Faith    .    (shield currently unavailable)
rNeg    . . .      Spirit   .    z - +0 chain mail
rPois   .          Reflect  .    m - +0 helmet
rElec   .          Harm     .    (no cloak)
rCorr   .          Rampage  .    (no gloves)
Will    ++...                    (no boots)
Stlth   ..........               (no amulet)
HPRegen 1.30/turn                (no ring)
MPRegen 0.11/turn                (no ring)

@: lethally poisoned (-3 -> -5), strong-willed, on berserk cooldown,
regenerating, slowed, very slow
A: (nimble swimmer 2), mertail, iridescent scales 1, noise suppression
a: Renounce Religion, Berserk, Trog's Hand


You were on level 6 of the Dungeon.
You worshipped Trog.
Trog was pleased with you.
You visited 1 branch of the dungeon, and saw 4 of its levels.

You collected 144 gold pieces.

Inventory:

Hand Weapons
 a - a +0 scythe (weapon)
 b - a +0 spear
Missiles
 h - 26 stones (quivered)
 v - 8 poisoned darts
Armour
 m - a +0 helmet (worn)
 z - a +0 chain mail (worn)
Jewellery
 n - a ring of fire
Wands
 k - a wand of digging (5)
 t - a wand of flame (9)
 y - a wand of roots (6)
Scrolls
 d - 4 scrolls of identify
 e - a scroll of noise
 i - 2 scrolls of immolation
 o - 2 scrolls of fear
 p - a scroll of magic mapping {unknown}
 u - a scroll of enchant armour {unknown}
Potions
 c - a potion of heal wounds {unknown}
 f - 3 potions of mutation
 g - 5 potions of curing {unknown}
 j - 2 potions of berserk rage {unknown}
 l - a potion of resistance {unknown}
 q - 2 potions of ambrosia {unknown}
 r - 2 potions of flight {unknown}
 s - a potion of attraction {unknown}
 w - a potion of degeneration {unknown}
 x - a potion of magic {unknown}


   Skills:
 - Level 6.0 Fighting
 * Level 10.0 Polearms
 + Level 3.9 Armour
 - Level 2.6 Dodging


You had 7 spell levels left.
You didn't know any spells.
Your spell library was empty.

Dungeon Overview and Level Annotations

Branches:
Dungeon (6/15)
 Temple: D:4-7

Altars:

Shops:
D:1 *


Innate Abilities, Weirdness & Mutations

((You are very nimble when in or above water. (Stealth+, EV+, Speed+++)))
Your lower body shifts to a powerful aquatic tail in water.
You are partially covered in iridescent scales. (AC +2)
You passively dampen the noise of your surroundings.


Message History

You hear some strange, mumbled words.
A magic dart appears from out of thin air!
The magic dart hits you.
You completely miss something.
You feel sick.
You barely miss something.
You feel sick. Something hits you.
You writhe in agony.
* * * LOW HITPOINT WARNING * * *
Something hits you.
* * * LOW HITPOINT WARNING * * *
You are more poisoned.
You miss something.
You feel sick. Something hits you but does no damage.
You are more poisoned.
Something hits you.
* * * LOW HITPOINT WARNING * * *
You miss something.
You feel very sick.
You are too berserk!
You impale something!! Trog accepts your kill.
Trog appreciates your killing of a magic user.
Reactivating autopickup.
You feel a bit more experienced.
You are no longer berserk.
You are exhausted.
You feel yourself slow down.
* * * LOW HITPOINT WARNING * * *
You feel sick. Something hits you.
* * * LOW HITPOINT WARNING * * *
Deactivating autopickup; reactivate with Ctrl-A.
Really renounce your faith, foregoing its fabulous benefits?
Okay, then.
Unknown command.
Your skin crawls.
You feel strong-willed.
* * * LOW HITPOINT WARNING * * *
You feel very sick.
You hear some strange, mumbled words.
A magic dart appears from out of thin air!
The magic dart hits you.
You die...

....# ##.......##
.#......###.........#
........#...###...##
#......#....# #####
..........########
.................#
................#
#)##...........# ... ..
#@)....#......## ..# .
....##){#...##..#### ..
......o....#......##
##.###..#.....##....#..###
..............#....#####
.....##..........###
.....###..##......#
..##..##..###.#...#
..............#...##


There were no monsters in sight!

Vanquished Creatures
  Sigmund (D:2)
  Eustachio (D:6)
  Duvessa (D:6)
  An orc warrior (D:6)
  A sky beast (D:6)
  2 black bears (D:6)
  2 necrophages (D:6)
  Dowan (D:6)
  2 orc priests
  An iguana (D:6)
  2 orc wizards
  3 adders (D:2)
  A worm (D:2)
  A dart slug (D:3)
  10 orcs
  3 ball pythons
  2 bats
  6 endoplasms
  2 giant cockroaches
  3 goblins
  A hobgoblin (D:1)
  2 quokkas
  4 frilled lizards
  6 kobolds
  4 rats
63 creatures vanquished.

Vanquished Creatures (others)
  4 plants (D:2)
4 creatures vanquished.

Grand Total: 67 creatures vanquished

Notes
Turn   | Place    | Note
-------+----------+-------------------------------------------
     0 | D:1      | jejorda2 the Merfolk Berserker began the quest for the Orb.
     0 | D:1      | Reached XP level 1. HP: 18/18 MP: 1/1
   240 | D:1      | Reached XP level 2. HP: 24/24 MP: 2/2
   574 | D:1      | Found Mitode's Assorted Antiques.
   976 | D:2      | Reached XP level 3. HP: 29/29 MP: 3/3
  1286 | D:2      | Reached skill level 5 in Polearms
  1461 | D:2      | Reached XP level 4. HP: 37/37 MP: 4/4
  1611 | D:2      | Reached ** piety under Trog
  1635 | D:2      | Noticed Sigmund
  1652 | D:2      | Killed Sigmund
  1653 | D:2      | Reached skill level 6 in Polearms
  1653 | D:2      | Reached XP level 5. HP: 43/43 MP: 5/5
  1653 | D:2      | Reached XP level 6. HP: 49/49 MP: 6/6
  1777 | D:3      | Reached skill level 7 in Polearms
  1995 | D:3      | You fall into a shaft and drop 3 floors!
  2049 | D:6      | Noticed a black bear
  2061 | D:6      | Killed a black bear
  2066 | D:6      | Noticed an orc warrior
  2071 | D:6      | Gained mutation: You are partially covered in iridescent
                  | scales. (AC +2) [potion of mutation]
  2071 | D:6      | Gained mutation: You passively dampen the noise of your
                  | surroundings. [potion of mutation]
  2113 | D:6      | Reached skill level 5 in Fighting
  2113 | D:6      | Reached XP level 7. HP: 54/56 MP: 7/7
  2131 | D:6      | Noticed Duvessa
  2132 | D:6      | Noticed Dowan
  2142 | D:6      | Reached skill level 8 in Polearms
  2143 | D:6      | Killed Duvessa
  2149 | D:6      | Killed Dowan
  2210 | D:6      | Noticed Eustachio
  2226 | D:6      | Killed Eustachio
  2227 | D:6      | Reached skill level 9 in Polearms
  2227 | D:6      | Reached XP level 8. HP: 52/64 MP: 8/8
  2411 | D:6      | Reached skill level 10 in Polearms
  2417 | D:6      | HP: 3/64 [poisoned by an orc wizard]
  2417 | D:6      | Killed from afar by an orc wizard

Illustrated notes

Levels and vault maps discovered:
D:1:      eino_arrival_cavern_b, layout_basic, serial_shops, shop,
          chequers_serial_rivers_marsh
D:2:      layout_basic, serial_bayou_lagoon_a, kennysheep_generic_room_9,
          uniq_sigmund
D:3:      layout_loops_cross, uniq_grinder, uniq_robin
D:6:      layout_cave_pools, uniq_eustachio, uniq_duvessa

Skill      XL: |  1  2  3  4  5  6  7  8 |
---------------+-------------------------+-----
Polearms       | 5 6 7 9 10 | 10.0
Armour         | 2 3 |  3.9
Fighting       | 4 5 6 |  6.0
Dodging        | |  2.6

Action                   |  1- 3 |  4- 6 |  7- 9 || total
-------------------------+-------+-------+-------++-------
Melee: Spear             |   105 |    20 |       ||   125
       Punch             |     2 |       |       ||     2
       Halberd           |       |    50 |    61 ||   111
Throw: Stone             |       |     7 |       ||     7
Invok: Berserk           |     3 |     3 |     2 ||     8
       Trog's Hand       |       |     3 |     3 ||     6
  Use: Scroll            |       |     4 |       ||     4
       Potion            |       |     1 |       ||     1
 Stab: Sleeping          |     1 |       |       ||     1
Armor: Animal skin       |     2 |       |       ||     2
       Leather armour    |     3 |       |       ||     3
       Ring mail         |    12 |     5 |       ||    17
       Scale mail        |       |    14 |     8 ||    22
       Chain mail        |       |       |    37 ||    37
Dodge: Dodged            |    43 |    28 |    20 ||    91

Table legend: (Time is in decaauts)
 A = Elapsed time spent in this place.
 B = Non-inter-level travel time spent in this place.
 C = Inter-level travel time spent in this place.
 D = Time resting spent in this place.
 E = Time spent auto-exploring this place.
 F = Levels seen in this place.
 G = Mean time per level.
                   A        B        C        D        E       F      G
               +--------+--------+--------+--------+--------+-----+--------+
         Total |   2434 |   2368 |     66 |    217 |   1547 |   4 |  608.5 |
       Dungeon |   2434 |   2368 |     66 |    217 |   1547 |   4 |  608.5 |
               +--------+--------+--------+--------+--------+-----+--------+

Top non-repeatable levels by time:
     D:1: 959 daAuts
     D:2: 845 daAuts
     D:6: 438 daAuts
     D:3: 192 daAuts
